 Dungeon Crawl Stone Soup version 0.19-b1-5-gdc9fa9d (webtiles) character file.

967 potatofalk the Cleaver (level 7, 0/59 HPs)
             Began as a Minotaur Berserker on Oct 31, 2016.
             Was an Elder of Trog.
             Slain by an orc warrior
             ... wielding a +0 trident
              (17 damage)
             ... on level 6 of the Dungeon.
             The game lasted 00:23:09 (4569 turns).

potatofalk the Cleaver (Minotaur Berserker)         Turns: 4569, Time: 00:23:10

Health: 0/59       AC:  9    Str: 22    XL:     7   Next: 93%
Magic:  5/5        EV: 10    Int:  4    God:    Trog [****..]
Gold:   349        SH:  0    Dex:  9    Spells: 0 memorised, 6 levels left

rFire  . . .     SeeInvis .     a - +0 hand axe
rCold  . . .     Gourm    .     x - +0 scale mail
rNeg   . . .     Faith    .     (no shield)
rPois  .         Spirit   .     (helmet unavailable)
rElec  .         Reflect  .     (no cloak)
rCorr  .         Harm     .     e - +1 pair of gloves
MR     +....                    (no boots)
Stlth  ..........               (no amulet)
                                (no ring)
                                (no ring)

@: no status effects
A: retaliatory headbutt, horns 3, talons 1, blurry vision 1, low mp 1, magic
resistance 1, weak 1, subdued magic 1
a: Berserk, Trog's Hand, Brothers in Arms, Burn Spellbooks, Renounce Religion


You were on level 6 of the Dungeon.
You worshipped Trog.
Trog was greatly pleased with you.
You were very hungry.

You visited 1 branch of the dungeon, and saw 6 of its levels.

You collected 349 gold pieces.

Inventory:

Hand Weapons
 a - a +0 hand axe (weapon)
Armour
 b - a +0 animal skin
 e - a +1 pair of gloves (worn)
 x - a +0 scale mail (worn)
 y - a +0 leather armour
Magical Staves
 k - an uncursed staff of air
Wands
 g - a wand of iceblast (10/15)
 r - a wand of random effects (10/48)
 u - a wand of lightning (6/15)
 w - a wand of lightning (11/15)
Scrolls
 i - 2 scrolls of identify
 l - 4 scrolls of remove curse
 o - a scroll of fog
 q - a scroll of amnesia
 v - a scroll of teleportation {unknown}
Potions
 d - 4 potions of degeneration {unknown}
 h - 2 potions of heal wounds {unknown}
 j - a potion of haste {unknown}
 m - a potion of mutation {unknown}
 n - 2 potions of brilliance {unknown}
 p - a potion of flight {unknown}
 s - a potion of magic {unknown}
 t - a potion of curing {unknown}
Comestibles
 c - 5 bread rations
 f - 2 meat rations


   Skills:
 - Level 4.0 Fighting
 * Level 10.2 Axes
 + Level 4.8 Armour
 - Level 2.3 Dodging
 - Level 1.5 Stealth


You had 6 spell levels left.
You didn't know any spells.

Dungeon Overview and Level Annotations

Branches:
Dungeon (6/15)
 Temple: D:4-7

Altars:
Cheibriados
Gozag
Makhleb
Nemelex Xobeh
Ru
Sif Muna
Yredelemnul


Innate Abilities, Weirdness & Mutations

You reflexively headbutt those who attack you in melee.
You have a pair of large horns on your head.
You have sharp toenails.
Scrolls take you a little longer to read.
Your magical capacity is low. (-10% MP)
You are resistant to hostile enchantments. (MR+)
You are weak. (Str -2)
Your spells are a little easier to cast, but a little less powerful.


Message History

You hit the orc priest but do no damage.
You headbutt the orc priest.
The orc priest is heavily wounded.
The orc warrior hits you from afar with a trident!
The orc priest misses you.
An orc priest comes into view. It is wielding a club.
You closely miss the orc priest. Your kick misses the orc priest.
The orc priest is heavily wounded.
You hit the orc. The orc hits you but does no damage.
You slash the orc priest!
You kill the orc priest!
Trog accepts your kill.
You can now call in reinforcements.
You hit the orc.
You kill the orc!
Trog accepts your kill.
The orc warrior hits you from afar with a trident!
The orc priest hits you with a club.
* * * LOW HITPOINT WARNING * * *
The orc warrior hits you with a trident!
You die...

#.#
#.#####
#.....
>....#
#.#..#
#.#..# #
#.#.)#.#
#<..@o.#
#####o.#
..# ..#
..# ..#
#.. ..


You could see an orc warrior and an orc priest.

Vanquished Creatures
  The ghost of Remedin the Shield-Bearer, an amateur FoFi (D:4)
  2 sky beasts (D:5)
  An ogre (D:5)
  2 orc priests
  2 hounds
  An iguana (D:4)
  Natasha (twice) (D:3)
  2 worker ants
  A killer bee zombie (D:5)
  A worker ant zombie (D:5)
  11 adders
  An ooze (D:3)
  A worm (D:3)
  A dart slug (D:1)
  4 leopard geckos
  13 orcs
  3 ball pythons
  7 bats
  7 giant cockroaches
  9 goblins
  17 hobgoblins
  4 jackals (D:2)
  A quokka (D:2)
  5 frilled lizards
  10 kobolds
  7 rats
116 creatures vanquished.

Notes
Turn   | Place    | Note
-------+----------+-------------------------------------------
     0 | D:1      | potatofalk the Minotaur Berserker began the quest for the Orb.
     0 | D:1      | Reached XP level 1. HP: 19/19 MP: 0/0
   179 | D:1      | Reached XP level 2. HP: 27/27 MP: 1/1
   225 | D:1      | Reached skill level 4 in Axes
   592 | D:2      | Reached ** piety under Trog
   593 | D:2      | Reached XP level 3. HP: 33/33 MP: 2/2
   600 | D:2      | Reached skill level 5 in Axes
   636 | D:2      | Found a sacrificial altar of Ru.
   696 | D:2      | Found a deep blue altar of Sif Muna.
   874 | D:2      | Reached XP level 4. HP: 40/40 MP: 3/3
   931 | D:2      | Found a sparkling altar of Nemelex Xobeh.
  1190 | D:2      | Found a faded altar of an unknown god.
  1421 | D:3      | Reached skill level 6 in Axes
  1786 | D:3      | Reached *** piety under Trog
  1844 | D:3      | Reached XP level 5. HP: 44/46 MP: 4/4
  2120 | D:3      | Noticed Natasha
  2131 | D:3      | Killed Natasha
  2379 | D:3      | Noticed Natasha
  2391 | D:3      | Killed Natasha
  2391 | D:3      | Reached skill level 7 in Axes
  2649 | D:4      | Noticed Remedin's ghost (amateur FoFi)
  2659 | D:4      | Killed Remedin's ghost
  2659 | D:4      | Reached skill level 8 in Axes
  2659 | D:4      | Reached skill level 1 in Stealth
  2659 | D:4      | Reached XP level 6. HP: 35/52 MP: 5/5
  2762 | D:4      | Found a snail-covered altar of Cheibriados.
  3038 | D:4      | Found a burning altar of Makhleb.
  3105 | D:4      | Reached XP level 7. HP: 45/59 MP: 6/6
  3273 | D:4      | Found an opulent altar of Gozag.
  3458 | D:5      | Entered Level 5 of the Dungeon
  3471 | D:5      | Reached skill level 9 in Axes
  4195 | D:5      | Gained mutation: You are weak. (Str -2) [mutagenic meat]
  4196 | D:5      | Gained mutation: Scrolls take you a little longer to read. [mutagenic meat]
  4197 | D:5      | Gained mutation: You are resistant to hostile enchantments. (MR+) [mutagenic meat]
  4198 | D:5      | Gained mutation: You have a pair of large horns on your head. [mutagenic meat]
  4314 | D:5      | Found a basalt altar of Yredelemnul.
  4330 | D:5      | Reached skill level 10 in Axes
  4335 | D:5      | Gained mutation: Your spells are a little easier to cast, but a little less powerful. [mutagenic meat]
  4336 | D:5      | Gained mutation: You tend to lose your temper in combat. [mutagenic meat]
  4337 | D:5      | Lost mutation: You tend to lose your temper in combat. [mutagenic meat]
  4338 | D:5      | Gained mutation: Your magical capacity is low. (-10% MP) [mutagenic meat]
  4339 | D:5      | Gained mutation: You have sharp toenails. [mutagenic meat]
  4568 | D:6      | Reached **** piety under Trog
  4569 | D:6      | Slain by an orc warrior

Skill      XL: |  1  2  3  4  5  6  7 |
---------------+----------------------+-----
Fighting       | 4 |  4.0
Axes           | 4 5 6 8 10 | 10.2
Stealth        | 1 |  1.5
Armour         | 3 4 |  4.8
Dodging        | |  2.3

Action                   |  1- 3 |  4- 6 |  7- 9 || total
-------------------------+-------+-------+-------++-------
Melee: Hand axe          |    54 |   137 |    75 ||   266
       Headbutt          |     4 |    21 |    14 ||    39
       Kick              |       |       |     2 ||     2
  Use: Scroll            |       |     5 |     2 ||     7
       Potion            |       |     2 |     1 ||     3
 Stab: Sleeping          |       |     2 |       ||     2
  Eat: Chunk             |       |     4 |    12 ||    16
       Pizza             |       |     1 |       ||     1
       Royal jelly       |       |       |     1 ||     1
Armor: Animal skin       |    12 |    12 |     3 ||    27
       Scale mail        |       |       |    27 ||    27
Dodge: Dodged            |    52 |    51 |    26 ||   129
